 Dungeon Crawl Stone Soup version 0.18.1-48-g4cf74bf (webtiles) character file.

81 MBI the Sneak (level 4, -2/26 HPs)
             Began as a Kobold Assassin on July 6, 2016.
             Killed from afar by Natasha (6 damage)
             ... with a magic dart
             ... on level 2 of the Dungeon.
             The game lasted 00:08:02 (1071 turns).

MBI the Sneak (Kobold Assassin)                     Turns: 1071, Time: 00:08:03

Health: -2/26      AC:  3    Str:  9    XL:     4   Next: 67%
Magic:  4/4        EV: 15    Int:  9    God:
Gold:   74         SH:  0    Dex: 18    Spells: 0 memorised, 3 levels left

rFire  . . .     SeeInvis .     a - +2 dagger
rCold  . . .     Gourm    .     c - +0 robe
rNeg   . . .     Faith    .     (shield restricted)
rPois  .         Spirit   .     (no helmet)
rElec  .         Dismiss  .     d - +0 cloak
rCorr  .         Reflect  .     (no gloves)
SustAt .         Harm     .     (no boots)
MR     .....                    (no amulet)
Stlth  ++++......               (no ring)
                                (no ring)

@: slowed, very slow, not resistant to hostile enchantments, stealthy
A: carnivore 3
a: no special abilities


You were on level 2 of the Dungeon.
You were completely stuffed.

You visited 1 branch of the dungeon, and saw 2 of its levels.

You collected 74 gold pieces.

Inventory:

Hand Weapons
 a - a +2 dagger (weapon)
 b - a +0 blowgun
 m - a +0 dagger
Missiles
 e - 2 poisoned needles
 f - 2 curare-tipped needles
 p - 5 needles of confusion
Armour
 c - a +0 robe (worn)
 d - a +0 cloak (worn)
Scrolls
 j - a scroll of magic mapping {unknown}
 k - a scroll of enchant armour {unknown}
 l - a scroll of enchant weapon {unknown}
 n - a scroll of noise {unknown}
 o - 2 scrolls of identify {unknown}
 s - a scroll of amnesia {unknown}
Potions
 h - 2 potions of haste {unknown}
 i - a potion of brilliance {unknown}
Comestibles
 g - a meat ration
 q - 4 chunks of flesh
 r - a bread ration


   Skills:
 + Level 2.2 Fighting
 * Level 3.1 Short Blades
 + Level 2.5 Throwing
 + Level 2.0 Dodging
 + Level 7.1 Stealth


You had 3 spell levels left.
You didn't know any spells.

Dungeon Overview and Level Annotations

Branches:
Dungeon (2/15)

Altars:

Annotations:
D:2 Natasha


Innate Abilities, Weirdness & Mutations

You are small and have problems with some larger weapons.
You are carnivorous and can eat meat at any time.


Message History

The crimson imp blinks!
Natasha stares at you and mumbles some strange words.
You resist with some effort.
Natasha stares at you and mumbles some strange words.
You feel as though you will be slow longer.
The crimson imp blinks!
Found a stone staircase leading up.
The crimson imp closely misses you.
Natasha howls an incantation.
You feel troubled.
Natasha howls an incantation.
Natasha shimmers violently.
The crimson imp blinks!
Firing (i - inventory): No suitable missiles.
Press: ? - help, Shift-Dir - straight line, f/p - Natasha
Aim: Natasha (translocational energy, heavily wounded)
Okay, then.
Natasha stares at you and mumbles some strange words.
The magic dart hits you!
You die...

###################
...#...............
##.#.######.###?##
......# #.# #.#
#####.#####(###.###.#
# #......(()(.@...# #
#.....#.###.##..# #
#.###.#.# #.# .#
#####.##....###h##..#
....................#
.#.###.#...###.#.####
.#.# #.##.## #.#.#
##.# #.##.# ..#.#
##.###.##. .#.#.#


You could see Natasha.

Vanquished Creatures
  Natasha (D:2)
  3 adders (D:2)
  A worm (D:2)
  A giant gecko (D:2)
  A ball python (D:2)
  2 giant cockroaches (D:1)
  A goblin (D:1)
  3 hobgoblins
  A quokka (D:2)
  3 bats
  3 giant newts
  6 kobolds
  4 rats (D:1)
30 creatures vanquished.

Notes
Turn   | Place    | Note
--------------------------------------------------------------
     0 | D:1      | MBI the Kobold Assassin began the quest for the Orb.
     0 | D:1      | Reached XP level 1. HP: 12/12 MP: 1/1
   282 | D:1      | Reached XP level 2. HP: 17/17 MP: 2/2
   678 | D:2      | Reached skill level 6 in Stealth
   718 | D:2      | Noticed Natasha
   723 | D:2      | Reached XP level 3. HP: 8/21 MP: 3/3
   725 | D:2      | Killed Natasha
   725 | D:2      | Reached XP level 4. HP: 10/26 MP: 4/4
   763 | D:2      | Reached skill level 7 in Stealth
  1045 | D:2      | Noticed Natasha
  1071 | D:2      | Killed from afar by Natasha

Skill      XL: |  1  2  3  4 |
---------------+-------------+-----
Stealth        | 6 7 |  7.1
Short Blades   | 3 |  3.1
Dodging        | 2 |  2.0
Fighting       | |  2.2
Throwing       | |  2.5

Action                   |  1- 3 |  4- 6 || total
-------------------------+-------+-------++-------
Melee: Dagger            |    39 |    34 ||    73
 Fire: Blowgun           |     5 |     7 ||    12
 Stab: Sleeping          |     6 |     4 ||    10
  Eat: Chunk             |     5 |     4 ||     9
Armor: Robe              |    11 |     5 ||    16
Dodge: Dodged            |    27 |    16 ||    43
